Map: Catalyst LE

Players

Nice

  • Race: Protoss Protoss
  • Spawn Location: 5:00

Nerchio - Winner!

  • Race: Zerg Zerg
  • Spawn Location: 11:00

Event: WCS Austin 2018

VOD

Have the link to the VOD?

Description

Time

  • Played on: June 1, 2018, 11:06 p.m.
  • Length: 7:41

All games in this series

Show
View Real Time Build Order
Export as new Build Order

Nice Protoss 

Build Orders: 1 Gate Expand 

Get SALT Encoding   

  12  0:00  Probe  
  13  0:12  Probe  
  14  0:20  Pylon  
  14  0:24  Probe  
  15  0:35  Probe  
  15  0:39  Gateway  
  16  0:44  Probe  
  16  0:49  Assimilator  
  17  0:53  Probe  
  18  1:05  Probe  
  19  1:17  Probe  
  20  1:26  Nexus  
  20  1:35  Cybernetics Core  
  20  1:39  Probe  
  21  1:45  Assimilator  
  21  1:51  Probe  
  21  1:53  Pylon  
  22  2:03  Adept, Probe  
  23  2:15  Probe  
  26  2:21  Stalker  
  26  2:31  Warp Gate  
  26  2:32  Twilight Council  
  26  2:35  Probe  
  29  2:39  Probe  
  30  2:47  Probe  
  30  2:51  Resonating Glaives, Probe  
  32  2:59  Probe  
  32  3:03  Robotics Facility, Probe  
  34  3:07  Adept  
  34  3:12  Probe  
  37  3:15  Probe  
  38  3:23  Probe  
  39  3:27  Gateway, Probe  
  39  3:31  Probe  
  40  3:39  Probe x2  
  42  3:43  Gateway  
  43  3:48  Gateway  
  43  3:51  Probe  
  43  3:54  Gateway  
  44  4:00  Warp Prism  
  46  4:04  Pylon  
  46  4:09  Gateway  
  46  4:14  Gateway  
  46  4:19  Assimilator  
  46  4:21  Assimilator  
  46  4:24  Gateway  
  46  4:36  Adept  
  48  4:38  Adept x2  
  52  4:54  Pylon  
  52  4:58  Adept  
  54  5:11  Pylon  
  54  5:12  Pylon  
  54  5:15  Adept  
  54  5:16  Adept x3  
  62  5:29  Adept x4  
  54  5:36  Adept x4  
  54  5:37  Adept x4, Probe  
  63  5:42  Immortal  
  59  6:09  Adept  
  59  6:10  Adept x6, Warp Prism  
  59  6:11  Adept  
  63  6:19  Pylon  
  65  6:30  Sentry  
  65  6:31  Sentry  
  69  6:33  Probe  
  69  6:35  Adept x2  
  69  6:36  Adept x2  
  78  7:02  Adept x2  
  78  7:03  Adept x2  
  78  7:05  Pylon  
  78  7:06  Pylon  
  78  7:08  Pylon  
  86  7:12  Pylon  
Show
View Real Time Build Order
Export as new Build Order

Nerchio Zerg - Winner!

Build Orders: Hatch First 

Get SALT Encoding   

  12  0:00  Drone  
  13  0:12  Overlord  
  13  0:17  Drone  
  14  0:31  Drone x2  
  16  0:50  Hatchery  
  16  0:53  Drone  
  16  0:56  Drone  
  17  1:00  Drone  
  18  1:08  Extractor  
  17  1:16  Spawning Pool  
  16  1:19  Drone  
  16  1:22  Drone  
  18  1:28  Drone  
  19  1:39  Overlord  
  19  1:50  Drone  
  20  2:03  Queen x2  
  20  2:04  Zergling x2  
  25  2:09  Metabolic Boost  
  25  2:13  Zergling x2  
  26  2:16  Drone  
  26  2:20  Drone  
  26  2:22  Drone  
  29  2:25  Drone  
  30  2:32  Drone  
  31  2:47  Hatchery, Drone  
  31  2:48  Drone  
  32  2:51  Drone  
  32  2:56  Overlord  
  33  3:02  Queen  
  35  3:08  Overlord  
  34  3:15  Drone  
  34  3:16  Drone x3  
  34  3:18  Drone  
  34  3:19  Drone  
  40  3:21  Drone  
  40  3:24  Drone  
  40  3:26  Drone  
  43  3:28  Drone  
  43  3:31  Spore Crawler  
  43  3:38  Queen  
  43  3:40  Drone  
  43  3:41  Drone  
  47  3:47  Drone, Roach Warren  
  47  3:49  Drone  
  47  3:52  Overlord  
  47  3:54  Drone  
  50  3:55  Drone  
  50  4:02  Queen  
  50  4:04  Overlord  
  50  4:09  Drone x3  
  55  4:10  Drone  
  55  4:12  Drone  
  55  4:14  Drone  
  58  4:18  Extractor  
  58  4:20  Drone x3  
  58  4:22  Overlord  
  60  4:28  Roach x2  
  60  4:29  Roach  
  66  4:34  Roach x2  
  66  4:37  Overlord  
  70  4:39  Roach  
  70  4:42  Roach  
  74  4:46  Lair  
  74  4:49  Roach  
  74  4:51  Drone x3  
  74  4:52  Extractor  
  77  4:54  Roach  
  77  4:59  Overlord  
  79  5:02  Queen  
  81  5:09  Zergling x2  
  81  5:10  Zergling x14  
  81  5:13  Overlord  
  89  5:18  Roach  
  89  5:21  Roach x3  
  97  5:27  Queen  
  96  5:29  Roach  
  96  5:34  Drone x6  
  101  5:36  Drone  
  101  5:39  Evolution Chamber  
  101  5:42  Drone x2  
  101  5:48  Overlord  
  101  5:49  Hydralisk Den, Extractor  
  99  5:54  Overlord  
  96  6:02  Overlord  
  96  6:03  Drone x4  
  93  6:05  Drone, Queen  
  93  6:06  Drone  
  93  6:14  Spore Crawler, Drone x2  
  93  6:15  Drone  
  93  6:16  Drone  
  93  6:18  Drone  
  97  6:21  Spore Crawler  
  96  6:28  Overseer  
  96  6:32  Queen  
  98  6:40  Overlord  
  98  6:49  Drone x2  
  99  6:55  Overlord  
  99  6:56  Hydralisk  
  99  6:57  Hydralisk x7  
  99  7:00  Roach  
  115  7:02  Roach  
  115  7:04  Roach  
  115  7:08  Roach  
  121  7:09  Roach  
  121  7:14  Roach  
  127  7:16  Overlord  
  127  7:17  Roach  
  127  7:19  Roach  
  127  7:20  Zergling x2  
  127  7:22  Zergling x2  
Tags
 
Add a new tag
Caveats
  • Supply blocks, unpowered buildings, or Contaminate may cause inaccurate times.
  • Supply counts are checked every 10 seconds.